 Dungeon Crawl Stone Soup version 0.25.0-11-g1f837a76a1 (webtiles) character file.

Game seed: 1306122844010162976

(classic levelgen) 4707 EnegeticOcto the Fiendish (level 10, 88/91 HPs)
             Began as a Deep Dwarf Fighter on June 27, 2020.
             Was a Priest of Makhleb.
             Quit the game on level 9 of the Dungeon.
             The game lasted 00:06:04 (5553 turns).

EnegeticOcto the Fiendish (Deep Dwarf Fighter)      Turns: 5553, Time: 00:06:05

Health: 88/91      AC: 20    Str: 24    XL:     10   Next: 21%
Magic:  10/10      EV:  5    Int:  8    God:    Makhleb [***...]
Gold:   502        SH: 11    Dex: 12    Spells: 9/9 levels left

rFire    . . .     SeeInvis .   D - +1 hand axe (vamp)
rCold    . . .     Gourm    .   c - +0 kite shield
rNeg     . . .     Faith    .   w - +4 plate armour
rPois    +         Spirit   .   (no helmet)
rElec    .         Reflect  .   (no cloak)
rCorr    .         Harm     .   o - +2 pair of gloves
MR       +....                  (no boots)
Stlth    ..........             (no amulet)
HPRegen  0.00/turn              g - ring of poison resistance
MPRegen  0.12/turn              C - ring of flight

@: non-regenerating
A: damage resistance, heal wounds, sense surroundings 2, no regeneration
a: Heal Wounds, Minor Destruction, Lesser Servant of Makhleb, Renounce Religion,
Evoke Flight


You were on level 9 of the Dungeon.
You worshipped Makhleb.
Makhleb was most pleased with you.
You were not hungry.

You visited 2 branches of the dungeon, and saw 10 of its levels.
You also visited: Bailey.

You collected 599 gold pieces.
You spent 97 gold pieces at shops.

Inventory:

Hand Weapons
 n - a +0 vorpal war axe
 D - a +1 vampiric hand axe (weapon)
Missiles
 d - 4 throwing nets (quivered) {!f}
 z - 4 curare-tipped darts
Armour
 b - a +0 scale mail
 c - a +0 kite shield (worn)
 o - a +2 pair of gloves (worn)
 w - a +4 plate armour (worn)
Jewellery
 g - a ring of poison resistance (left hand)
 s - an uncursed ring of protection from cold {unknown}
 C - a ring of flight (right hand)
Wands
 u - a wand of iceblast (21) {@v2}
 v - a wand of polymorph (6)
Scrolls
 a - a scroll of teleportation {@r3 !r}
 f - a scroll of enchant weapon {unknown}
 h - a scroll of magic mapping {unknown}
 p - a scroll of enchant armour
 q - a scroll of immolation
 r - 2 scrolls of random uselessness {unknown}
 t - a scroll of amnesia {unknown}
 y - a scroll of holy word {unknown}
 A - a scroll of blinking {unknown}
 B - a scroll of remove curse {unknown}
 E - a scroll of identify {@r1}
Potions
 i - a potion of resistance
 j - a potion of stabbing {@q5 !q}
 k - 4 potions of curing {@q1 !q}
 m - a potion of heal wounds {unknown}
 x - a potion of mutation {unknown}
Comestibles
 e - 11 rations
 l - a chunk of flesh


   Skills:
 + Level 6.0 Fighting
 * Level 9.3 Axes
 + Level 7.3 Armour
 + Level 7.1 Shields
 * Level 9.6 Invocations


You had 9 spell levels left.
You didn't know any spells.
Your spell library was empty.

Dungeon Overview and Level Annotations

Branches:
Dungeon (9/15)             Temple (1/1) D:4          Bailey (visited)
   Lair: D:8-11         Orc: D:9-12

Altars:
Ashenzari
Cheibriados
Dithmenos
Elyvilon
Fedhas
Gozag
Hepliaklqana
Kikubaaqudgha
Makhleb
Nemelex Xobeh
Okawaru
Qazlal
Ru
Sif Muna
Trog
Uskayaw
Vehumet
Wu Jian
Xom
Yredelemnul
Zin
The Shining One

Shops:
D:7 *


Innate Abilities, Weirdness & Mutations

You are resistant to damage.
You can heal yourself by infusing magical energy.
You passively map the area around you.
You do not regenerate.


Message History

An adder zombie is nearby!
An adder zombie is nearby!
An adder zombie is nearby!
An adder zombie is nearby!
An adder zombie is nearby!
An adder zombie is nearby!
An adder zombie is nearby!
An adder zombie is nearby!
An adder zombie is nearby!
You block the adder zombie's attack.
You hit the adder zombie.
The adder zombie is lightly damaged.
You block the adder zombie's attack.
You slash the adder zombie!
You destroy the adder zombie!
Makhleb accepts your kill.
No target in view!
No target in view!
No target in view!
No target in view!
No target in view!
No target in view!
No target in view!
No target in view!
No target in view!
No target in view!
A quokka comes into view.
A quokka is nearby!
A quokka is nearby!
A quokka is nearby!
A quokka is nearby!
You slash the quokka!
You kill the quokka!
Makhleb accepts your kill.
No target in view!
No target in view!
No target in view!
No target in view!
No target in view!
No target in view!
No target in view!
Some of the chunks of flesh in your inventory have rotted away.
You butcher the quokka corpse.
l - 8 chunks of flesh (gained 1)
You see here a quokka skeleton. x2
Things that are here:
a +3 spear of venom; a +0 ring mail; a gnoll skeleton You butcher the gnoll corpse.
l - 9 chunks of flesh (gained 1)
Things that are here:
a +0 spear; a gnoll skeleton
Things that are here:
a +0 spear; a gnoll skeleton
Things that are here:
2 arrows; a +0 club
Things that are here:
a +3 spear of venom; a +0 ring mail; a gnoll skeleton You see here a +0 halberd.
There is a stone staircase leading up here.
Done exploring.
Done exploring.
Done exploring.
Done exploring.
Done exploring.
No target in view!
No target in view!
No target in view!
No target in view!
No target in view!
No target in view!
No target in view!
No target in view!
Done exploring.
(D) Dungeon (T) Temple
Where to? (Enter - D:8, ? - help)
There is a stone staircase leading down here.
You climb downwards.
Found 19 stones.
Found a stone staircase leading down.
There is a stone staircase leading up here.
E - a scroll of identify {@r1} Some of the chunks of flesh in your inventory have rotted away.
You now have 491 gold pieces (gained 17).
You see here 19 stones.
You open the door.
There is an open door here.
Found a rapier.
No target in view!
No target in view!
No target in view!
No target in view!
No target in view!
No target in view!
No target in view!
Found a stone staircase leading down.
You now have 502 gold pieces (gained 11).
Found a mace.
Vehumet rains destruction down upon you!
The shard of ice hits you.
Vehumet seems mollified.
Are you sure you want to abandon this character and quit the game? (Confirm with "yes".)

,,, ,, ,
.....## *, * ,
##....., ,
##....)#** ,
......# * .....
*...* * * #.#*
* #@# , #.# #.#
* * ###.#######
* , ,
.###.........#
,
,.........###.#
, ..###.....# *
* * , ,
#.....###... *
, ,
#........>..


There were no monsters in sight!

Vanquished Creatures
  Harold (D:7)
  Sigmund (D:5)
  3 hogs (D:8)
  A human (D:8)
  A yak (D:8)
  A steam dragon (D:7)
  An ice beast (D:6)
  5 orc warriors
  A necrophage (D:7)
  A sky beast (D:7)
  3 ogres
  A centaur (D:8)
  9 bullfrogs
  A gnoll sergeant (D:8)
  A scorpion (D:6)
  3 killer bees (D:7)
  3 howler monkeys
  6 crimson imps
  5 hounds
  2 bullfrog skeletons
  3 orc wizards
  Jessica (D:3)
  An iguana (D:6)
  4 worker ants
  A hound zombie (D:6)
  A howler monkey zombie (D:8)
  2 worker ant zombies
  10 adders
  9 gnolls
  2 shadow imps
  An adder zombie (D:8)
  A worm (D:3)
  2 dart slugs
  5 leopard geckos
  26 orcs
  A bat (D:1)
  3 giant cockroaches
  6 goblins
  3 hobgoblins
  7 jackals
  6 quokkas
  A frilled lizard (D:3)
  2 jackal zombies (D:6)
  14 kobolds
  3 rats
165 creatures vanquished.

Vanquished Creatures (others)
  A scorpion (D:6)
  A killer bee (D:7)
2 creatures vanquished.

Grand Total: 167 creatures vanquished

Notes
Turn   | Place    | Note
-------+----------+-------------------------------------------
     0 | D:1      | EnegeticOcto the Deep Dwarf Fighter began the quest for the
                  | Orb.
     0 | D:1      | Reached XP level 1. HP: 20/20 MP: 1/1
   162 | D:2      | Reached XP level 2. HP: 27/27 MP: 2/2
   375 | D:3      | Reached skill level 3 in Axes
   378 | D:3      | Reached XP level 3. HP: 20/33 MP: 3/3
   435 | D:3      | Reached skill level 3 in Fighting
   466 | D:3      | Your magical essence is drained by the effort!
   613 | D:3      | Reached XP level 4. HP: 42/42 MP: 3/3
   647 | D:3      | Found a basalt altar of Yredelemnul.
   648 | D:3      | Found a burning altar of Makhleb.
   690 | D:3      | Found a stormy altar of Qazlal.
   765 | D:3      | Noticed Jessica
   766 | D:3      | Your magical essence is drained by the effort!
   780 | D:3      | Killed Jessica
   780 | D:3      | Reached skill level 4 in Armour
   780 | D:3      | Reached skill level 4 in Shields
   841 | D:3      | Reached skill level 4 in Axes
   841 | D:3      | Reached XP level 5. HP: 36/49 MP: 3/3
   846 | D:3      | Found an opulent altar of Gozag.
  1156 | D:4      | Found a staircase to the Ecumenical Temple.
  1185 | Temple   | Entered the Ecumenical Temple
  1209 | Temple   | Became a worshipper of Vehumet
  1467 | D:3      | Fell from the grace of Vehumet
  1467 | D:3      | Became a worshipper of Makhleb the Destroyer
  1677 | D:4      | Reached skill level 1 in Invocations
  1677 | D:4      | Reached XP level 6. HP: 54/56 MP: 4/4
  2009 | D:4      | Your magical essence is drained by the effort!
  2125 | D:5      | Entered Level 5 of the Dungeon
  2183 | D:5      | Reached skill level 2 in Invocations
  2248 | D:5      | Noticed Sigmund
  2255 | D:5      | Killed Sigmund
  2255 | D:5      | Reached skill level 5 in Axes
  2255 | D:5      | Reached skill level 3 in Invocations
  2255 | D:5      | Reached XP level 7. HP: 62/63 MP: 4/6
  2453 | D:5      | Reached skill level 4 in Fighting
  2622 | D:5      | Your magical essence is drained by the effort!
  2954 | D:6      | Reached skill level 5 in Armour
  2954 | D:6      | Reached skill level 5 in Shields
  2960 | D:6      | Reached skill level 4 in Invocations
  2962 | D:6      | Reached skill level 6 in Axes
  2988 | D:6      | Reached XP level 8. HP: 73/73 MP: 7/7
  2991 | D:6      | Reached * piety under Makhleb
  2996 | D:6      | Reached skill level 5 in Invocations
  3068 | D:6      | Found a snail-covered altar of Cheibriados.
  3313 | D:6      | Your magical essence is drained by the effort!
  3385 | D:6      | Reached skill level 6 in Invocations
  3397 | D:6      | Reached skill level 7 in Axes
  3493 | D:7      | Noticed Harold
  3509 | D:7      | Your magical essence is drained by the effort!
  3518 | D:7      | Killed Harold
  3518 | D:7      | Reached skill level 5 in Fighting
  3518 | D:7      | Reached skill level 6 in Armour
  3518 | D:7      | Reached skill level 6 in Shields
  3518 | D:7      | Reached skill level 7 in Invocations
  3518 | D:7      | Gained mutation: You passively map the area around you.
                  | [Deep Dwarf growth]
  3518 | D:7      | Reached XP level 9. HP: 49/81 MP: 6/8
  3640 | D:7      | Reached skill level 8 in Axes
  3736 | D:7      | Reached skill level 8 in Invocations
  3906 | D:7      | Reached ** piety under Makhleb
  4224 | D:7      | Found Raeru's General Store.
  4229 | D:7      | Bought a scroll of enchant armour for 97 gold pieces
  4564 | D:8      | Found a flagged portal.
  4654 | Bailey   | Entered a bailey
  4793 | Bailey   | Reached skill level 9 in Invocations
  4871 | Bailey   | Your magical essence is drained by the effort!
  4915 | Bailey   | Reached skill level 7 in Armour
  5104 | D:8      | Reached skill level 9 in Axes
  5104 | D:8      | Reached XP level 10. HP: 91/91 MP: 9/9
  5111 | D:8      | Reached skill level 7 in Shields
  5114 | D:8      | Reached *** piety under Makhleb
  5140 | D:8      | Reached skill level 6 in Fighting
  5552 | D:9      | Was forgiven by Vehumet
  5553 | D:9      | Quit the game

Illustrated notes

Levels and vault maps discovered:
D:1:      dpeg_arrival_concentric_ovals, layout_basic
D:2:      layout_basic
D:3:      layout_loops_cross, grunt_gozag_statues,
          gammafunk_temple_overflow_statue, minmay_misc_feat_doors,
          nicolae_qazlal_eye_of_the_storm, uniq_jessica
D:4:      layout_loops_ring, minmay_temple_entry_glassed_door, first_ration
D:5:      layout_loops_corners, chequers_serial_rivers_micro_a, uniq_sigmund
D:6:      layout_rooms, kennysheep_slug_shrine, minmay_pentangle
D:7:      layout_gridville, serial_shops, shop, minmay_misc_feat_nine_boxes,
          uniq_harold
D:8:      layout_cave_pools, enter_bailey_8, grunt_livestock
D:9:      layout_loops_corners, nicolae_dithmenos_shadow_blocks
Temple:   eino_narrow_crystal_temple

Skill      XL: |  1  2  3  4  5  6  7  8  9 10 |
---------------+-------------------------------+-----
Axes           | 3 4 5 6 7 9 |  9.3
Fighting       | 3 4 5 6 |  6.0
Armour         | 4 5 6 7 |  7.3
Shields        | 4 5 6 7 |  7.1
Invocations    | 1 3 4 7 9 |  9.6

Action                   |  1- 3 |  4- 6 |  7- 9 | 10-12 || total
-------------------------+-------+-------+-------+-------++-------
Melee: War axe           |    90 |   133 |   350 |       ||   573
       Hand axe          |       |       |   115 |    71 ||   186
 Abil: Heal Wounds       |     5 |     7 |    13 |       ||    25
       Evoke Flight      |       |       |     1 |       ||     1
  Use: Scroll            |       |     2 |     8 |       ||    10
       Potion            |       |     1 |     2 |       ||     3
  Eat: Chunk             |       |     1 |    11 |     1 ||    13
       Ration            |       |     1 |       |       ||     1
Armor: Scale mail        |    56 |    54 |    86 |       ||   196
       Plate armour      |       |       |   230 |    62 ||   292
Dodge: Dodged            |    51 |    42 |   131 |    23 ||   247
Block: Kite shield       |    71 |    73 |   300 |    63 ||   507
